 Dungeon Crawl Stone Soup version 0.21.1-1-g345015f (webtiles) character file.

300 Fang the Chopper (level 6, -20/39 HPs)
             Began as a Gargoyle Berserker on May 9, 2018.
             Was a Priest of Trog.
             Blown up by Ijyb (22 damage)
             ... with a wand of disintegration (8)
             ... on level 3 of the Dungeon.
             The game lasted 00:06:09 (2834 turns).

Fang the Chopper (Gargoyle Berserker)               Turns: 2834, Time: 00:06:09

Health: -20/39     AC:  8    Str: 23    XL:     6   Next: 36%
Magic:  6/6        EV: 12    Int:  7    God:    Trog [***...]
Gold:   149        SH:  0    Dex:  9    Spells: 5/5 levels left

rFire    . . .     SeeInvis .   a - +0 hand axe
rCold    . . .     Gourm    .   (no shield)
rNeg     + . .     Faith    .   b - +0 animal skin
rPois    ∞         Spirit   .   (no helmet)
rElec    +         Reflect  .   (no cloak)
rCorr    .         Harm     .   (no gloves)
MR       .....     Rnd*Rage +   (no boots)
Stlth    +.........             (no amulet)
HPRegen  0.13/turn              (no ring)
MPRegen  0.10/turn              (no ring)

@: no status effects
A: icy blue scales 1, berserk 1, negative energy resistance 1, electricity
resistance, unbreathing, petrification resistance, rot immunity, AC +4
a: Berserk, Trog's Hand, Burn Spellbooks, Renounce Religion


You were on level 3 of the Dungeon.
You worshipped Trog.
Trog was most pleased with you.
You were hungry.

You visited 1 branch of the dungeon, and saw 3 of its levels.

You collected 149 gold pieces.

Inventory:

Hand Weapons
 a - a +0 hand axe (weapon)
Armour
 b - a +0 animal skin (worn)
Scrolls
 e - 4 scrolls of teleportation {unknown}
 f - 2 scrolls of identify {unknown}
 g - a scroll of enchant weapon {unknown}
 i - a scroll of immolation {unknown}
 j - a scroll of remove curse {unknown}
 k - a scroll of fog {unknown}
Potions
 d - 2 potions of mutation
 h - a potion of might {unknown}
Comestibles
 c - 6 rations


   Skills:
 + Level 4.5 Fighting
 + Level 4.8 Axes
 + Level 2.3 Armour
 + Level 2.9 Dodging
 + Level 1.2 Stealth


You had 5 spell levels left.
You didn't know any spells.

Dungeon Overview and Level Annotations

Branches:
Dungeon (3/15)

Altars:
Dithmenos
Elyvilon
Trog
The Shining One

Annotations:
D:3 Ijyb


Innate Abilities, Weirdness & Mutations

You are resistant to torment.
Your stone body is resilient. (AC +4)
You are immune to poison.
You resist negative energy. (rN+)
You are resistant to electric shocks. (rElec)
You can survive without breathing.
You are immune to petrification.
You are immune to rotting.
You are partially covered in icy blue scales. (AC +2)
You tend to lose your temper in combat.


Message History

You barely miss Ijyb.
Ijyb is moderately wounded.
Ijyb zaps a wand.
You are blasted!
Ouch! That really hurt!
* * * LOW HITPOINT WARNING * * *
You are too injured to fight recklessly!
You are too injured to fight recklessly!
You are too injured to fight recklessly!
You are too injured to fight recklessly!
You are too injured to fight recklessly!
You are too injured to fight recklessly!
You are too injured to fight recklessly!
Ijyb misses you.
Okay, then.
It was a potion of mutation.
You feel extremely strange.
You feel a little pissed off.
Icy blue scales grow over part of your body.
Ijyb zaps a wand.
You are blasted!
Ouch! That really hurt!
You die...

#### .#.### ######
.....# ##..$..## .#.#.#
##...%?..# ####.#
#......... ####.#####
#.@g...... .........####
#.........
............###.........
)........##...#.........
....)....####........8..
>........# ###.........#
..§......###
#...8.>....#
.§§.........
...........#
_.....#..### #.......8..


You could see Ijyb.

Vanquished Creatures
  An orc priest (D:3)
  2 orc wizards (D:3)
  Robin (D:3)
  4 gnolls (D:3)
  6 adders
  An ooze (D:1)
  2 dart slugs (D:1)
  4 leopard geckos
  6 orcs
  10 bats
  3 giant cockroaches
  11 goblins
  12 hobgoblins
  12 jackals
  3 quokkas
  2 ball pythons
  3 frilled lizards
  9 kobolds
  5 rats
97 creatures vanquished.

Notes
Turn   | Place    | Note
-------+----------+-------------------------------------------
     0 | D:1      | Fang the Gargoyle Berserker began the quest for the Orb.
     0 | D:1      | Reached XP level 1. HP: 14/14 MP: 1/1
    49 | D:1      | Reached XP level 2. HP: 16/19 MP: 2/2
   461 | D:1      | Reached XP level 3. HP: 18/24 MP: 3/3
   619 | D:1      | Reached ** piety under Trog
   931 | D:2      | Reached XP level 4. HP: 20/29 MP: 4/4
  1055 | D:2      | Found a glowing golden altar of the Shining One.
  2040 | D:3      | Reached XP level 5. HP: 33/33 MP: 5/5
  2218 | D:3      | Reached *** piety under Trog
  2244 | D:3      | Reached skill level 1 in Stealth
  2245 | D:3      | Noticed Robin
  2255 | D:3      | Reached XP level 6. HP: 38/38 MP: 6/6
  2258 | D:3      | Killed Robin
  2447 | D:3      | Found a white marble altar of Elyvilon.
  2480 | D:3      | Found a bloodstained altar of Trog.
  2747 | D:3      | Found a shadowy altar of Dithmenos.
  2824 | D:3      | Noticed Ijyb
  2834 | D:3      | Gained mutation: You tend to lose your temper in combat. [potion of mutation]
  2834 | D:3      | Gained mutation: You are partially covered in icy blue scales. (AC +2) [potion of mutation]
  2834 | D:3      | Blown up by Ijyb

Skill      XL: |  1  2  3  4  5 |
---------------+----------------+-----
Axes           | 3 4 |  4.8
Fighting       | 4 |  4.5
Dodging        | 2 |  2.9
Stealth        | 1 |  1.2
Armour         | |  2.3

Action                   |  1- 3 |  4- 6 || total
-------------------------+-------+-------++-------
Melee: Hand axe          |    98 |   186 ||   284
Invok: Berserk           |     2 |     2 ||     4
  Use: Potion            |       |     1 ||     1
 Stab: Sleeping          |     1 |     1 ||     2
  Eat: Chunk             |     1 |     8 ||     9
Armor: Animal skin       |    47 |    80 ||   127
Dodge: Dodged            |    97 |   167 ||   264
